 Dungeon Crawl Stone Soup version 0.27.1-2-g3b301248ec (webtiles) character file.

Game seed: 16620830547533849125

3196 jlumianski the Protected (level 9, 0/80 HPs)
             Began as a Deep Dwarf Fighter on Sept 24, 2021.
             Slain by an ogre (24 damage)
             ... on level 7 of the Dungeon.
             The game lasted 00:33:59 (5499 turns).

jlumianski the Protected (Deep Dwarf Fighter)       Turns: 5499, Time: 00:33:59

Health: 0/80       AC: 11    Str: 23    XL:     9   Next: 64%
Magic:  12/12 (3)  EV: 11    Int:  9    God:
Gold:   258        SH: 11    Dex: 18    Spells: 8/8 levels left

rFire    . . .     SeeInvis .   a - +0 war axe (vamp)
rCold    . . .     Faith    .   c - +0 kite shield
rNeg     . . .     Spirit   .   b - +0 scale mail
rPois    .         Reflect  .   C - +0 helmet
rElec    .         Harm     .   (no cloak)
rCorr    .         Rampage  .   e - +0 pair of gloves
Will     +....                  (no boots)
Stlth    +.........             q - amulet of magic regeneration
HPRegen  0.00/turn              n - +6 ring of dexterity
MPRegen  0.38/turn              B - ring of magical power

@: no status effects
A: damage resistance, heal wounds, sense surroundings 2, no regeneration
a: Heal Wounds


You were on level 7 of the Dungeon.
You visited 2 branches of the dungeon, and saw 8 of its levels.

You collected 300 gold pieces.
You spent 42 gold pieces at shops.

Inventory:

Hand Weapons
 a - a +0 vampiric war axe (weapon)
 g - a +3 dagger of venom
 u - a +1 whip of freezing
 v - a +0 hunting sling
 y - a +0 hand crossbow
Missiles
 f - 99 sling bullets
 m - 188 stones
 r - 90 bolts
 s - 6 boomerangs (quivered)
 x - 21 poisoned darts
 D - a curare-tipped dart
Armour
 b - a +0 scale mail (worn)
 c - a +0 kite shield (worn)
 e - a +0 pair of gloves (worn)
 C - a +0 helmet (worn)
Jewellery
 n - a +6 ring of dexterity (left hand)
 q - an amulet of magic regeneration (around neck)
 B - a ring of magical power (right hand)
Wands
 z - a wand of iceblast (7)
Scrolls
 l - 2 scrolls of teleportation
 o - a scroll of enchant weapon
 p - 3 scrolls of identify
 A - a scroll of fog
 E - a scroll of magic mapping
Potions
 d - a potion of might
 h - 3 potions of lignification
 i - 2 potions of heal wounds
 j - 3 potions of curing
 k - a potion of cancellation
 t - 4 potions of flight
 w - a potion of brilliance


   Skills:
 + Level 4.8 Fighting
 - Level 4.8 Short Blades
 * Level 4.3 Axes
 + Level 2.7 Throwing
 + Level 8.5 Armour
 + Level 4.5 Dodging
 - Level 2.2 Stealth
 + Level 7.3 Shields
 * Level 1.5 Evocations


You had 8 spell levels left.
You didn't know any spells.
Your spell library contained the following spells:

 Spells                   Type           Power      Damage    Failure   Level
 Freeze                   Ice            0%         1d3       94%         1
 Sting                    Tmut/Pois      0%         1d3       94%         1
 Summon Small Mammal      Summ           0%         N/A       94%         1
 Poisonous Vapours        Pois/Air       0%         N/A       98%         2
 Call Canine Familiar     Summ           0%         N/A       100%        3
 Frozen Ramparts          Ice            0%         1d2       100%        3
 Summon Guardian Golem    Hex/Summ       0%         N/A       100%        3
 Hailstorm                Conj/Ice       0%         3d3       100%        4
 Olgreb's Toxic Radiance  Pois           0%         N/A       100%        4


Dungeon Overview and Level Annotations

Branches:
Dungeon (7/15)             Temple (1/1) D:6

Altars:
Ashenzari
Cheibriados
Dithmenos
Elyvilon
Gozag
Hepliaklqana
Kikubaaqudgha
Okawaru
Qazlal
Ru
Trog
Uskayaw
Vehumet
Wu Jian
Xom
Yredelemnul
Zin
The Shining One
Lugonu

Shops:
D:2 =   D:4 *

Portals:
Abyss: D:4

Annotations:
D:6 3 runed translucent doors, bnorton916's ghost, novice DECj


Innate Abilities, Weirdness & Mutations

You are resistant to damage.
You can heal yourself by infusing magical energy.
You passively map the area around you.
You do not regenerate.


Message History

You are poisoned.
The scorpion poisons you! You block the scorpion's attack.
You slash the scorpion!
The scorpion is severely wounded.
You block the scorpion's attack. The scorpion stings you.
You closely miss the scorpion.
The scorpion is severely wounded.
You block the scorpion's attack.
You completely miss the scorpion.
The scorpion is severely wounded.
The scorpion stings you but does no damage.
The scorpion stings you.
You hit the scorpion but do no damage.
The scorpion is severely wounded.
The scorpion closely misses you. You block the scorpion's attack.
You slash the scorpion!
You feel better.
You kill the scorpion!
You are no longer poisoned.
B - a ring of magical power You feel your magic capacity increase.
B - a ring of magical power (right hand) Magic restored.
Found a stone staircase leading down.
Found a stone staircase leading down.
An ogre comes into view. It is wielding a +0 giant spiked club.
The ogre shouts!
Throw: 6 boomerangs
Press: ? - help, Q - select action, (/) - cycle Shift-Dir - straight line, f - ogre
Aim: an ogre, wielding a +0 giant spiked club (77% to hit)
You throw a boomerang. The boomerang hits the ogre!
The ogre is moderately wounded.
You hit the ogre but do no damage.
The ogre is moderately wounded.
The ogre hits you with a +0 giant spiked club!
* * * LOW HITPOINT WARNING * * *
You hit the ogre.
You feel better.
The ogre is heavily wounded.
You block the ogre's attack.
The ogre hits you with a +0 giant spiked club!!
You die...

##### ....# #########
###.# #......>#
###.#####.#####.#####
#...............@O..#
#.#<#####.#####.###.#
#.#.# #.......# .#
....# ######### .#
#.### ** *.#* ..###
.., ....# .. .##.# **
..,* .##.# * ,, * , ,
,*


You could see an ogre.

Vanquished Creatures
  Pikel (D:4)
  5 yaks
  Sigmund (D:2)
  A water moccasin (D:5)
  An orc warrior (D:6)
  A necrophage (D:5)
  An ice beast (D:5)
  A centaur (D:6)
  An ogre (D:5)
  2 phantoms
  A lemure (D:4)
  2 kobold brigands (D:5)
  4 scorpions
  A water moccasin zombie (D:5)
  A howler monkey (D:6)
  A centaur zombie (D:6)
  3 hounds
  A bullfrog zombie (D:6)
  3 bullfrog skeletons
  A centaur skeleton (D:5)
  3 orc priests
  A gnoll shaman (D:5)
  A jelly (D:6)
  An iguana (D:5)
  3 orc wizards
  Natasha (D:2)
  An adder (D:6)
  3 gnolls (D:5)
  An adder skeleton (D:4)
  A worm (D:3)
  4 dart slugs
  13 orcs
  3 ball pythons
  3 endoplasms
  2 giant cockroaches
  5 hobgoblins
  3 jackals (D:2)
  2 quokkas
  2 bats (D:1)
  A frilled lizard (D:2)
  8 goblins
  31 kobolds
  4 rats
130 creatures vanquished.

Vanquished Creatures (others)
  32 plants (D:5)
32 creatures vanquished.

Grand Total: 162 creatures vanquished

Notes
Turn   | Place    | Note
-------+----------+-------------------------------------------
     0 | D:1      | jlumianski the Deep Dwarf Fighter began the quest for the
                  | Orb.
     0 | D:1      | Reached XP level 1. HP: 20/20 MP: 1/1
    70 | D:1      | Found a faded altar of an unknown god.
   172 | D:1      | Reached XP level 2. HP: 27/27 MP: 2/2
   488 | D:2      | Found Eguonaq's Jewellery Emporium.
   655 | D:2      | Noticed Natasha
   666 | D:2      | Killed Natasha
   667 | D:2      | Reached skill level 1 in Short Blades
   667 | D:2      | Reached XP level 3. HP: 30/34 MP: 3/3
   725 | D:2      | Noticed Sigmund
   746 | D:2      | HP: 1/34 [something (7)]
   755 | D:2      | HP: 1/34 [something (8)]
   759 | D:2      | Killed Sigmund
   760 | D:2      | Reached skill level 4 in Armour
   760 | D:2      | Reached XP level 4. HP: 42/42 MP: 3/3
   760 | D:2      | Reached XP level 5. HP: 49/49 MP: 4/4
  1817 | D:5      | Entered Level 5 of the Dungeon
  1817 | D:5      | Noticed a necrophage
  1860 | D:3      | Reached XP level 6. HP: 52/56 MP: 5/5
  1867 | D:3      | Found a white marble altar of Elyvilon.
  1869 | D:3      | Found an ancient bone altar of Kikubaaqudgha.
  1869 | D:3      | Found a hide-covered altar of Uskayaw.
  2099 | D:4      | Found Nuul's General Store.
  2103 | D:4      | Found a large runed translucent door.
  2103 | D:4      | Found a large runed translucent door.
  2109 | D:4      | Bought 6 boomerangs for 42 gold pieces
  2129 | D:5      | Found an opulent altar of Gozag.
  2291 | D:4      | Found a corrupted altar of Lugonu.
  2365 | D:4      | Found a one-way gate to the infinite horrors of the Abyss.
  2633 | D:4      | Noticed Pikel
  2656 | D:4      | Killed Pikel
  2657 | D:4      | Reached skill level 1 in Throwing
  2657 | D:4      | Reached skill level 5 in Armour
  2657 | D:4      | Reached skill level 1 in Stealth
  2657 | D:4      | Reached XP level 7. HP: 31/63 MP: 6/6
  2741 | D:4      | Reached skill level 5 in Shields
  2910 | D:4      | Reached skill level 6 in Armour
  3026 | D:4      | Found a snail-covered altar of Cheibriados.
  3298 | D:6      | Found a staircase to the Ecumenical Temple.
  3307 | Temple   | Entered the Ecumenical Temple
  3576 | D:5      | Reached XP level 8. HP: 24/72 MP: 6/6
  3737 | D:4      | Reached skill level 7 in Armour
  3994 | D:5      | Gained mutation: You passively map the area around you.
                  | [Deep Dwarf growth]
  3994 | D:5      | Reached XP level 9. HP: 44/79 MP: 5/5
  4774 | D:6      | Reached skill level 8 in Armour
  4853 | D:6      | Found a runed translucent gate.
  4853 | D:6      | Found a runed translucent gate.
  4853 | D:6      | Found a runed translucent gate.
  4855 | D:6      | Noticed bnorton916's ghost (novice DECj)
  5185 | D:6      | Reached skill level 1 in Evocations
  5499 | D:7      | Slain by an ogre

Illustrated notes

Levels and vault maps discovered:
D:1:      psy_arrival_statuary, layout_rooms,
          dreamdust_ecumenical_altar_angels_and_demons, minmay_crystal_water
D:2:      layout_loops_ring, serial_shops, nicolae_shop_statue_plus,
          uniq_natasha, uniq_sigmund
D:3:      layout_loops_ring, grunt_temple_overflow_diamond,
          minmay_misc_feat_columns, dk_noncrumbling_2, corner_web_ring,
          hangedman_glass_teeth
D:4:      due_chaos_kobolds, layout_loops_corners, mainiacjoe_overflow_alcove_4,
          serial_shops, nicolae_stop_n_shop_2, uniq_pikel
D:5:      kennysheep_kobold_camp, layout_basic, nicolae_gozag_seed_capital,
          minmay_fractal_squares_diagonal_5
D:6:      layout_cave_pools, minmay_temple_entry_sparse_star,
          gammafunk_ghost_necromancy
D:7:      minmay_blocky_corners, layout_loops_cross,
          mainiacjoe_overflow_concentric_impassable, nzn_makhleb_speed_demon,
          serial_shops, shop, gammafunk_ghost_icy
Temple:   nicolae_temple_figure_eight

Skill      XL: |  1  2  3  4  5  6  7  8  9 |
---------------+----------------------------+-----
Fighting       | 3 4 |  4.8
Short Blades   | 1 2 3 4 |  4.8
Axes           | 3 4 |  4.3
Armour         | 4 5 6 7 8 |  8.5
Shields        | 4 5 6 7 |  7.3
Throwing       | 1 2 |  2.7
Dodging        | 2 3 4 |  4.5
Stealth        | 1 2 |  2.2
Evocations     | 1 |  1.5

Action                   |  1- 3 |  4- 6 |  7- 9 || total
-------------------------+-------+-------+-------++-------
Melee: Dagger            |    65 |   110 |   289 ||   464
       War axe           |     4 |       |    84 ||    88
Throw: Stone             |     3 |    18 |       ||    21
       Boomerang         |       |     4 |    20 ||    24
 Abil: Heal Wounds       |     3 |       |    11 ||    14
  Use: Potion            |     1 |     1 |     1 ||     3
       Scroll            |       |     6 |     6 ||    12
Armor: Scale mail        |    26 |    31 |   122 ||   179
Dodge: Dodged            |    17 |    20 |   120 ||   157
Block: Kite shield       |    32 |    43 |   229 ||   304
